 Dungeon Crawl Stone Soup version 0.28.0-53-g5a82cb258f (webtiles) character file.

Game seed: 8251427778937409447

97336 cbfl8 the Severer (level 15, -1/143 HPs)
             Began as a Minotaur Berserker on July 25, 2022.
             Was the Champion of Trog.
             Killed by divine providence
             ... invoked by a smoke demon
             ... summoned by an orc high priest
              (16 damage)
             ... on level 2 of the Orcish Mines.
             The game lasted 00:57:36 (26994 turns).

cbfl8 the Severer (Minotaur Berserker)             Turns: 26994, Time: 00:57:37

Health: -1/143     AC: 21    Str: 21    XL:     15   Next: 71%
Magic:  14/14      EV: 10    Int:  5    God:    Trog [******]
Gold:   2515       SH:  0    Dex: 22    Spells: 14/14 levels left

rFire   . . .      SeeInvis .   a - +6 executioner's axe (drain)
rCold   . . .      Faith    .   (shield currently unavailable)
rNeg    + . .      Spirit   .   v - +0 crystal plate armour
rPois   +          Reflect  .   X - +0 hat
rElec   .          Harm     .   j - +2 ratskin cloak {*Rats rPois rN+ Str-1 Int-1 Dex+1}
rCorr   .          Rampage  .   (no gloves)
Will    +....                   (no boots)
Stlth   ..........              w - amulet of regeneration
HPRegen 1.13/turn               r - +6 ring of dexterity
MPRegen 0.14/turn               L - ring of flight

@: lethally poisoned (-1 -> -2), spiked, corroded, on berserk cooldown, flying,
slowed, studying Bows, very slow
A: horns 2, retaliatory headbutt
a: Renounce Religion, Berserk, Trog's Hand, Brothers in Arms


You were on level 2 of the Orcish Mines.
You worshipped Trog.
Trog was exalted by your worship.
You visited 3 branches of the dungeon, and saw 23 of its levels.
You also visited: Ice Cave.

You collected 2515 gold pieces.

Inventory:

Hand Weapons
 a - a +6 executioner's axe of draining (weapon)
Armour
 j - the +2 ratskin cloak (worn) {*Rats rPois rN+ Str-1 Int-1 Dex+1}
   (You found it on level 2 of the Dungeon)

   When the wearer is hurt, rats may emerge from it to assist them.
   Str:       It affects your strength (-1).
   Int:       It affects your intelligence (-1).
   Dex:       It affects your dexterity (+1).
   rPois:     It protects you from poison.
   rN:        It protects you from negative energy.
 o - a scarf of resistance
 v - a +0 crystal plate armour (worn)
 K - the +1 cloak "Zyutis" {+Inv rF- rN+++ Slay+5}
   (You found it on level 11 of the Dungeon)

   Slay:      It affects your accuracy & damage with ranged weapons and melee
   (+5).
   rF:        It makes you vulnerable to fire.
   rN:        It renders you almost immune to negative energy.
   +Inv:      It lets you turn invisible.
 X - a +0 hat (worn)
Jewellery
 r - a +6 ring of dexterity (left hand)
 t - a ring of protection from cold
 w - an amulet of regeneration (around neck)
 x - a ring of resist corrosion
 z - an amulet of reflection
 A - the ring "Jian" {rF+ Int+5}
   (You found it on level 6 of the Lair of Beasts)

   [ring of protection from fire]

   Int:       It affects your intelligence (+5).
   rF:        It protects you from fire.
 B - an amulet of faith
 L - a ring of flight (right hand)
 W - a ring of protection from fire
Wands
 e - a wand of iceblast (6) (quivered)
 N - a wand of paralysis (13)
 R - a wand of digging (13)
 Z - a wand of polymorph (3)
Scrolls
 c - 6 scrolls of immolation
 d - 5 scrolls of magic mapping
 h - 4 scrolls of fear
 l - 3 scrolls of holy word
 m - a scroll of enchant armour
 n - a scroll of summoning
 q - 2 scrolls of fog
 s - a scroll of vulnerability {unknown}
 y - 5 scrolls of teleportation
 O - 2 scrolls of silence
 Q - 2 scrolls of acquirement
 T - 3 scrolls of blinking
Potions
 f - 2 potions of cancellation
 i - 4 potions of mutation
 k - 9 potions of ambrosia
 D - 4 potions of might
 G - 2 potions of lignification
 H - 2 potions of berserk rage
 I - 4 potions of haste
 M - 4 potions of curing
 U - a potion of magic {unknown}
 Y - a potion of heal wounds
Miscellaneous
 b - a piece from Xom's chessboard (15/15)
 u - a box of beasts


   Skills:
 * Level 15.7 Fighting
 + Level 17.5(17.6) Axes
 + Level 3.2(11.9) Polearms
 + Level 12.7 Armour
 * Level 11.8 Dodging
 * Level 10.1 Stealth
 * Level 9.8 Evocations


You had 14 spell levels left.
You didn't know any spells.
Your spell library was empty.

Dungeon Overview and Level Annotations

Branches:
Dungeon (15/15)            Temple (0/1) D:4            Lair (6/6) D:10
 Shoals (0/4) Lair:4       Spider (0/4) Lair:2        Slime (0/5) Lair:6
    Orc (2/2) D:9             Elf (0/3) Orc:2        Vaults (0/5) D:14
 Depths (0/4) D:15          IceCv (visited)

Altars:
Ashenzari
Fedhas
Kikubaaqudgha
Nemelex Xobeh
Okawaru
Xom
Beogh
Jiyva

Shops:
D:2 *   Orc:2 [

Annotations:
D:11 6 transporters


Innate Abilities, Weirdness & Mutations

You have a pair of horns on your head.
You reflexively headbutt those who attack you in melee.


Message History

The orcs go into a battle-frenzy!
The orc priest hits your hell rat with a +0 dagger.
An orc knight comes into view. It is wielding a +0 great sword.
The orc high priest says, "Oblivion to the unbeliever."
The orc high priest barely misses you.
Your hell rat bites the orc priest!
The red devil hits you but does no damage.
Unknown command.
You slash the orc!
You kill the orc!
Trog accepts your kill.
You feel sick.
The orc warrior no longer looks unusually strong.
The orc warrior closely misses you.
The orc wizard mumbles some strange words.
The orc wizard flickers and vanishes!
The orc warlord shoots a bolt.
The bolt hits you!
* * * LOW HITPOINT WARNING * * *
The orc priest invokes the aid of Beogh against you.
Beogh smites you!
* * * LOW HITPOINT WARNING * * *
A hell rat scurries out from under your cloak.
Your hell rat bites the orc priest but does no damage.
The red devil hits you from afar with a +0 trident.
* * * LOW HITPOINT WARNING * * *
Barbed spikes become lodged in your body.
The orc high priest hits you from afar with a +0 halberd!
* * * LOW HITPOINT WARNING * * *
You are too berserk!
Unknown command.
You are too berserk!
You are too berserk!
You are no longer berserk.
You are exhausted.
You feel yourself slow down.
You feel sick.
An orc priest comes into view. It is wielding a +0 flail.
The orc warrior barely misses you.
An orc sorcerer comes into view. It is wielding a +0 dagger of venom.
The smoke demon gestures at you. Beogh smites you!
You die...

.........................
.................⌠.⌠.....
..................∩......
)))..............⌠.⌠.....
..............$..).......
.)...............).......
................)).......
..............r.)o)......
..$.............@)o......
................r))......
..............oo4oo3.....
................o{o......
.............$...§.......
.....############§....###
.....# ...o.... .....#
..oo.... .....#


You could see an orc warlord, an orc knight, 2 orc high priests, a smoke demon
(summoned), an orc sorcerer, a red devil (summoned, ally target), 2 orc
warriors, 3 orc priests, an orc wizard (strong) and 2 friendly hell rats.

Vanquished Creatures
  A reaper (IceCv)
  A stone giant (D:15)
  Azrael (D:12)
  Josephine (Orc:1)
  A fire dragon (Lair:6)
  7 hydras
  2 catoblepae
  A rakshasa (D:14)
  2 boulder beetles
  An anaconda (Lair:6)
  2 ogre magi (D:15)
  10 two-headed ogres
  2 centaur warriors
  4 tengu warriors
  9 death yaks
  A slime creature (D:12)
  Nergalle (D:12)
  A skeletal warrior (D:9)
  A wizard (D:15)
  A swamp dragon (Lair:6)
  A deep elf pyromancer (D:12)
  8 ugly things (D:15)
  An orc knight (Orc:2)
  An oklob plant (Lair:6)
  3 manticores
  2 orc sorcerers (Orc:1)
  3 cyclopes
  8 black mambas
  An ice statue (IceCv)
  21 elephants
  A torpor snail (D:13)
  12 cane toads
  2 gargoyles
  An efreet (D:10)
  An unseen horror (shapeshifter) (D:13)
  7 rime drakes
  2 anaconda simulacra (IceCv)
  9 komodo dragons
  A kobold demonologist (D:12)
  2 entropy weaver simulacra (IceCv)
  A queen bee (D:9)
  3 meliai (D:14)
  A polar bear (shapeshifter) (D:15)
  7 trolls
  A tyrant leech (D:13)
  15 polar bears
  A raiju (Lair:6)
  A wind drake (Lair:4)
  2 raiju (shapeshifter)
  A hornet (D:9)
  13 blink frogs
  A shadow (D:11)
  2 vampires
  A jumping spider (shapeshifter) (D:15)
  6 wraiths
  2 dire elephant simulacra (IceCv)
  A fire elemental (D:11)
  A water elemental (D:11)
  2 wyverns
  32 yaks
  12 basilisks
  2 death yak simulacra (IceCv)
  2 steam dragons (Lair:6)
  2 vampire mosquitoes (D:12)
  2 swamp worms (D:13)
  A harpy simulacrum (IceCv)
  11 wargs
  2 acid dragons
  A tengu zombie (D:11)
  20 hell hounds
  10 water moccasins
  2 ice beasts
  4 sky beasts
  16 black bears
  11 orc warriors
  2 swamp drakes (Lair:6)
  A necrophage (D:6)
  9 ogres
  An orc zombie (D:11)
  3 boggarts (D:14)
  14 wolves
  11 centaurs
  4 kobold brigands (D:12)
  A gnoll sergeant (D:12)
  9 bullfrogs
  A wyvern zombie (D:7)
  4 two-headed ogre simulacra (IceCv)
  A scorpion (D:6)
  3 cane toad simulacra (IceCv)
  A water moccasin zombie (D:6)
  2 water moccasin skeletons
  41 killer bees
  6 electric eels
  2 elephant simulacra (IceCv)
  3 centaur zombies
  5 howler monkeys
  2 hounds
  8 orc priests
  A gnoll shaman (D:6)
  6 iguanas
  15 orc wizards
  5 polar bear simulacra (IceCv)
  A killer bee zombie (D:7)
  3 spriggan simulacra (IceCv)
  9 troll simulacra (IceCv)
  A killer bee simulacrum (D:8)
  A howler monkey zombie (D:9)
  9 gnolls
  9 adders
  4 naga simulacra (IceCv)
  6 white imps
  7 ufetubi
  5 worms
  4 dart slugs
  49 orcs
  2 ball pythons
  5 endoplasms
  3 giant cockroaches
  6 goblins
  5 hobgoblins
  2 jackals (D:1)
  2 quokkas (D:1)
  10 bats
  3 frilled lizards (D:2)
  10 kobolds
  4 rats
  A bush (Lair:6)
651 creatures vanquished.

Vanquished Creatures (collateral kills)
  Nessos (D:13)
  Erolcha (D:12)
  A hydra (Lair:6)
  A death yak (Lair:6)
  A manticore (Lair:4)
  2 cyclopes (D:13)
  A centaur zombie (D:11)
  2 yaks
  Menkaure (D:6)
  A swamp worm (D:13)
  A water moccasin (D:11)
  An ice beast (D:7)
  An ogre (D:5)
  A centaur (D:6)
  A scorpion (D:6)
  An electric eel (D:8)
  A spriggan simulacrum (IceCv)
  A naga simulacrum (IceCv)
  An ufetubus (IceCv)
  An orc (D:6)
22 creatures vanquished.

Vanquished Creatures (others)
  An acid dragon (Lair:6)
  A boggart (D:14)
  An ogre (D:6)
  A kobold (D:12)
  29 fungi
  95 plants
128 creatures vanquished.

Grand Total: 801 creatures vanquished

Notes
Turn   | Place    | Note
-------+----------+-------------------------------------------
     0 | D:1      | cbfl8 the Minotaur Berserker began the quest for the Orb.
     0 | D:1      | Reached XP level 1. HP: 19/19 MP: 0/0
   368 | D:1      | Reached XP level 2. HP: 24/27 MP: 1/1
   449 | D:1      | Reached skill level 4 in Axes
  1240 | D:1      | Reached XP level 3. HP: 33/33 MP: 2/2
  1441 | D:2      | Found the +2 ratskin cloak {*Rats rPois rN+ Str-1 Int-1
                  | Dex+1}
  1730 | D:2      | Found Mikhuask's Assorted Antiques.
  1867 | D:2      | Reached ** piety under Trog
  2053 | D:2      | Reached XP level 4. HP: 36/41 MP: 3/3
  2261 | D:2      | You fall into a shaft and drop 2 floors!
  2273 | D:4      | Reached skill level 1 in Stealth
  2467 | D:4      | Found a staircase to the Ecumenical Temple.
  2742 | D:3      | Reached XP level 5. HP: 43/47 MP: 4/4
  2904 | D:3      | Reached skill level 5 in Axes
  2921 | D:3      | Reached skill level 5 in Fighting
  3427 | D:4      | Identified the +1 spear of Dithmenos {freeze, rElec}
  3595 | D:5      | Entered Level 5 of the Dungeon
  3615 | D:5      | Reached XP level 6. HP: 55/56 MP: 5/5
  3699 | D:5      | Reached skill level 1 in Evocations
  3781 | D:5      | Found a sparkling altar of Nemelex Xobeh.
  3781 | D:5      | Found an ancient bone altar of Kikubaaqudgha.
  3874 | D:5      | Found a broken altar of Ashenzari.
  3889 | D:5      | Found an iron altar of Okawaru.
  3912 | D:5      | Reached XP level 7. HP: 61/61 MP: 6/6
  3913 | D:5      | Reached skill level 1 in Polearms
  4602 | D:6      | Reached skill level 5 in Armour
  4635 | D:5      | Reached XP level 8. HP: 26/70 MP: 7/7
  4888 | D:6      | Reached skill level 6 in Axes
  5070 | D:6      | Reached *** piety under Trog
  5267 | D:6      | Noticed Menkaure
  5279 | D:6      | Killed Menkaure
  5596 | D:6      | Reached skill level 5 in Dodging
  6188 | D:7      | Reached skill level 7 in Axes
  6228 | D:7      | Reached XP level 9. HP: 71/79 MP: 8/8
  7169 | D:8      | Noticed a tengu warrior
  7186 | D:8      | Killed a tengu warrior
  7217 | D:8      | Noticed a polar bear
  7567 | D:8      | Reached skill level 8 in Axes
  8152 | D:8      | Killed a polar bear
  8153 | D:8      | Reached skill level 5 in Stealth
  8232 | D:8      | Reached XP level 10. HP: 86/88 MP: 9/9
  8451 | D:8      | Identified the +1 rapier "Ockiwoom" {vorpal, Str+7}
  8455 | D:8      | Found the +18 Lear's hauberk
  8778 | D:9      | Noticed a gargoyle
  8780 | D:9      | Noticed a skeletal warrior
  8781 | D:9      | Noticed a skeletal warrior
  9184 | D:9      | Found a shimmering altar of Xom.
  9184 | D:9      | Found a blossoming altar of Fedhas.
  9413 | D:9      | Killed a gargoyle
  9414 | D:9      | Reached skill level 5 in Evocations
  9595 | D:9      | Reached skill level 9 in Axes
  9793 | D:9      | Reached **** piety under Trog
  9855 | D:9      | Noticed a skeletal warrior
  9927 | D:9      | Killed a skeletal warrior
 10081 | D:9      | Noticed a two-headed ogre
 10088 | D:9      | Killed a two-headed ogre
 10089 | D:9      | Reached XP level 11. HP: 97/97 MP: 10/10
 10160 | D:9      | Found a staircase to the Orcish Mines.
 10362 | D:10     | Entered Level 10 of the Dungeon
 10635 | D:9      | Noticed a skeletal warrior
 11497 | D:10     | Found a staircase to the Lair.
 11519 | D:10     | Identified the +3 ring mail of Zaocvev {rPois MP+9 Int-4}
 11721 | D:11     | Found a transporter.
 11725 | D:11     | Found a transporter.
 11731 | D:11     | Found a transporter.
 11732 | D:11     | Noticed a two-headed ogre
 11741 | D:11     | Killed a two-headed ogre
 11742 | D:11     | Reached skill level 10 in Fighting
 11742 | D:11     | Reached skill level 10 in Axes
 11787 | D:11     | Found a transporter.
 12201 | D:11     | Found a transporter.
 12593 | D:11     | Found a transporter.
 12711 | D:11     | Found a transporter.
 12764 | D:11     | Found a transporter.
 13140 | D:11     | Identified the +1 cloak "Zyutis" {+Inv rF- rN+++ Slay+5}
 13472 | D:12     | Noticed Erolcha
 13575 | D:12     | Reached skill level 10 in Armour
 13646 | D:12     | Noticed a deep elf pyromancer
 13666 | D:12     | Killed a deep elf pyromancer
 13667 | D:12     | Reached skill level 11 in Axes
 13935 | D:12     | Noticed a sun demon
 14144 | D:12     | Paralysed by Erolcha for 7 turns
 14157 | D:12     | Killed Erolcha
 14158 | D:12     | Reached XP level 12. HP: 108/108 MP: 11/11
 14238 | D:12     | Noticed Azrael
 14256 | D:12     | Killed Azrael
 14534 | D:12     | Noticed Nergalle
 14544 | D:12     | Killed Nergalle
 15039 | D:13     | Reached skill level 12 in Axes
 15055 | D:13     | Noticed Nessos
 15063 | D:13     | Killed Nessos
 15611 | D:13     | Found the +10 tower shield of Ignorance {rN+ Int-4}
 15892 | D:14     | Noticed a rakshasa
 15906 | D:14     | Killed a rakshasa
 15922 | D:14     | Noticed a boulder beetle
 15956 | D:14     | Killed a boulder beetle
 16340 | D:14     | Noticed a six-headed hydra
 16348 | D:14     | Killed a six-headed hydra
 16354 | D:14     | Noticed a catoblepas
 16359 | D:14     | Noticed a centaur warrior
 16670 | D:14     | Noticed a tengu warrior
 16683 | D:14     | Killed a tengu warrior
 16909 | D:14     | Noticed a catoblepas
 16919 | D:14     | Killed a catoblepas
 16920 | D:14     | Reached XP level 13. HP: 112/118 MP: 12/12
 17110 | D:14     | Found a gate to the Vaults.
 17404 | D:15     | Entered Level 15 of the Dungeon
 17421 | D:15     | Reached skill level 13 in Axes
 17939 | D:15     | Reached skill level 14 in Axes
 18033 | D:15     | Paralysed by an ogre mage for 4 turns
 18038 | D:15     | Reached ***** piety under Trog
 18039 | D:15     | Reached skill level 10 in Dodging
 18465 | D:15     | Found a staircase to the Depths.
 18465 | D:15     | Noticed a stone giant
 18472 | D:15     | Killed a stone giant
 18894 | Lair:1   | Entered Level 1 of the Lair of Beasts
 19179 | Lair:1   | Reached XP level 14. HP: 129/129 MP: 13/13
 19608 | Lair:2   | Found a frozen archway.
 19623 | IceCv    | Entered an ice cave
 19631 | IceCv    | Received a gift from Trog
 19682 | IceCv    | Reached skill level 15 in Axes
 20421 | IceCv    | Noticed a reaper
 20528 | IceCv    | Killed a reaper
 21158 | Lair:2   | Received a gift from Trog
 21366 | Lair:2   | Found a hole to the Spider Nest.
 23061 | Lair:4   | Found a staircase to the Shoals.
 23068 | Lair:4   | Reached skill level 16 in Axes
 24030 | Lair:5   | Reached XP level 15. HP: 62/139 MP: 14/14
 24463 | Lair:6   | Entered Level 6 of the Lair of Beasts
 24728 | Lair:6   | Found a staircase to the Slime Pits.
 24728 | Lair:6   | Found a viscous altar of Jiyva.
 24736 | Lair:6   | Reached skill level 15 in Fighting
 24753 | Lair:6   | Identified 2 scrolls of acquirement
 24867 | Lair:6   | Received a gift from Trog
 25126 | Lair:6   | Reached skill level 17 in Axes
 25763 | Lair:6   | Reached skill level 10 in Stealth
 25878 | Lair:6   | Identified the ring "Jian" {rF+ Int+5}
 26325 | Orc:1    | Entered Level 1 of the Orcish Mines
 26325 | Orc:1    | Noticed Josephine
 26333 | Orc:1    | Paralysed by an orc sorcerer for 3 turns
 26336 | Orc:1    | Killed Josephine
 26612 | Orc:2    | Entered Level 2 of the Orcish Mines
 26713 | Orc:2    | Found a staircase to the Elven Halls.
 26938 | Orc:2    | Reached ****** piety under Trog
 26963 | Orc:2    | Found Aphuom's Armour Boutique.
 26967 | Orc:2    | Noticed an orc warlord
 26994 | Orc:2    | Killed from afar by a smoke demon

Illustrated notes

Levels and vault maps discovered:
D:1:      psy_arrival_heroes, layout_basic, grunt_decor_cap, serial_park_tiny_2
D:2:      layout_loops_ring, serial_shops, nicolae_shop_waterfront,
          lightli_corner_chamber
D:3:      layout_loops_ring
D:4:      layout_rooms, minmay_temple_entry_glassed_door
D:5:      layout_rooms, nicolae_ashenzari_panopticon,
          gammafunk_temple_overflow_pools, okawaru_trees_1,
          corexii_leaking_fountain
D:6:      layout_layer_cave, uniq_menkaure
D:7:      layout_basic
D:8:      layout_basic, serial_ice, serial_ice_a, serial_ice_f, serial_ice_b,
          serial_ice_m, hellmonk_guarded_unrand_lears
D:9:      layout_roguey [special_room_bee], amethyst_overflow_temple_binary,
          minmay_orc_entry_guard_dogs
D:10:     layout_long_grid, erik_lair_dragon
D:11:     gammafunk_cloud_chamber, layout_cave_pods, minmay_misc_feat_diagonals,
          st_stairs_13, serial_nicolae_subway, nicolae_sub_station_stone,
          nicolae_sub_station_crystal, nicolae_sub_station_metal
D:12:     layout_basic, uniq_erolcha, uniq_azrael, uniq_nergalle
D:13:     layout_roguey, minivault_16, worms_lemuel, uniq_nessos
D:14:     layout_stronghold, david_vaults_1
D:15:     grunt_enter_depths_snipers, layout_cave_pools,
          hangedman_abyss_or_decor_clamps, amethyst_killhole, minivault_1
Lair:1:   layout_misc_corridors, infiniplex_staircase_pool_2, grunt_megastairs_1
Lair:2:   cheibrodos_lair_river_kwai, layout_hall_layers,
          spider_nest_entry_web_field, portal_ice_cave_rime, lemuel_fruit_tree
Lair:3:   layout_regular_city, chequers_serial_rivers_micro_a
Lair:4:   layout_regular_city, minmay_shoals_entry_beasts
Lair:5:   layout_cave_pods, grunt_megastairs_5, serial_bayou_shore_a
Lair:6:   guppyfry_lair_end_dragon, layout_regular_city,
          hangedman_lair_caniforms_friends, slime_altar_1
Orc:1:    layout_diamond_mine, basic_altar, elf_legates, uniq_josephine
Orc:2:    st_orc_congregation, layout_caves, serial_shops, shop_fountains

Skill      XL: |  1  2  3  4  5  6  7  8  9 10 11 12 13 14 15 |
---------------+----------------------------------------------+-----
Axes           | 4 5 7 8 9 11 12 14 16 17 | 17.5
Fighting       | 4 5 6 7 8 9 10 12 13 14 15 | 15.7
Armour         | 3 4 5 6 7 8 10 11 12 | 12.7
Stealth        | 1 2 3 5 6 7 8 9 10 | 10.1
Dodging        | 3 4 5 6 7 8 9 10 11 | 11.8
Evocations     | 1 2 3 4 5 6 7 8 9 |  9.8
Polearms       | 2 3 |  3.2

Action                   |  1- 3 |  4- 6 |  7- 9 | 10-12 | 13-15 || total
-------------------------+-------+-------+-------+-------+-------++-------
Melee: Hand axe          |    95 |   104 |   254 |   365 |       ||   818
       Punch             |     3 |     2 |     2 |    19 |       ||    26
       Headbutt          |     9 |    20 |    57 |   191 |   202 ||   479
       Spear             |       |    50 |    21 |    10 |       ||    81
       War axe           |       |       |       |   375 |       ||   375
       Battleaxe         |       |       |       |    12 |   238 ||   250
       Executioner's axe |       |       |       |       |   591 ||   591
Invok: Berserk           |       |     2 |     2 |    12 |    13 ||    29
       Trog's Hand       |       |       |     1 |     2 |     1 ||     4
       Brothers in Arms  |       |       |       |     3 |       ||     3
Evoke: Wand              |       |       |     5 |    32 |     9 ||    46
  Use: Potion            |       |       |     3 |     4 |     3 ||    10
       Scroll            |       |       |    12 |    13 |    15 ||    40
 Stab: Paralysed         |       |       |    11 |     7 |       ||    18
       Distracted        |       |       |       |     4 |     3 ||     7
Armor: Animal skin       |     8 |       |       |       |       ||     8
       Chain mail        |    12 |    92 |   190 |   628 |   307 ||  1229
       Ring mail         |     5 |       |       |       |       ||     5
       Crystal plate arm |       |       |       |       |   612 ||   612
Dodge: Dodged            |    52 |    64 |   165 |   496 |   610 ||  1387
